 Dungeon Crawl Stone Soup version 0.27-a0-965-gbf8bb431c4 (webtiles) character file.

Game seed: 3827285535262353354

818 Mesmaeker13 the Magician (level 7, -2/41 HPs)
             Began as a Mummy Hedge Wizard on Apr 12, 2021.
             Was a Believer of Ru.
             Slain by an orc wizard
             ... wielding a +0 dagger
              (3 damage)
             ... on level 5 of the Dungeon.
             The game lasted 00:10:18 (7700 turns).

Mesmaeker13 the Magician (Mummy Hedge Wizard)       Turns: 7700, Time: 00:10:19

Health: -2/41      AC:  3    Str: 13    XL:     7   Next: 62%
Magic:  14/14      EV: 12    Int: 16    God:    Ru [**....]
Gold:   98         SH:  0    Dex: 11    Spells: 10/16 levels left

rFire    x . .     SeeInvis .   i - +1 long sword (vorpal)
rCold    + . .     Faith    .   (no shield)
rNeg     + + +     Spirit   .   b - +0 robe
rPois    ∞         Reflect  .   c - +1 hat
rElec    .         Harm     .   (no cloak)
rCorr    .         Rampage  .   (no gloves)
Will     .....                  (no boots)
Stlth    +.........             (no amulet)
HPRegen  0.13/turn              (no ring)
MPRegen  0.14/turn              (no ring)

@: confused
A: cold resistance 1, frail 1, negative energy resistance 3, torment resistance
2, unbreathing 1, heat vulnerability 1, no potions
a: Renounce Religion


You were on level 5 of the Dungeon.
You worshipped Ru.
Ru was pleased with you.
You visited 1 branch of the dungeon, and saw 5 of its levels.

You collected 98 gold pieces.

Inventory:

Hand Weapons
 i - a +1 vorpal long sword (weapon)
Missiles
 d - 3 javelins
 f - 26 poisoned darts
 h - 2 atropa-tipped darts
Armour
 b - a +0 robe (worn)
 c - a +1 hat (worn)
Scrolls
 e - a scroll of brand weapon
 g - 3 scrolls of magic mapping
 j - a scroll of vulnerability {unknown}
 k - a scroll of enchant weapon
 l - a scroll of amnesia {unknown}
 m - 2 scrolls of fog
 n - a scroll of immolation
 o - a scroll of fear
 q - a scroll of noise


   Skills:
 + Level 3.6 Dodging
 - Level 1.5 Stealth
 - Level 5.3 Spellcasting
 + Level 3.3 Conjurations
 + Level 3.2 Summonings
 - Level 0.7 Translocations
 + Level 2.0 Air Magic
 + Level 2.0 Poison Magic


You had 10 spell levels left.
You knew the following spells:

 Your Spells              Type           Power      Damage    Failure   Level
a - Magic Dart            Conj           60%        1d6       3%          1
b - Call Imp              Summ           14%        N/A       6%          2
c - Mephitic Cloud        Conj/Pois/Air  12%        N/A       16%         3

Your spell library contained the following spells:

 Spells                   Type           Power      Damage    Failure   Level
 Corona                   Hex            4%         N/A       16%         1
 Blink                    Tloc           N/A        N/A       17%         2
 Ensorcelled Hibernation  Hex/Ice        8%         N/A       22%         2
 Slow                     Hex            4%         N/A       22%         2
 Conjure Flame            Conj/Fire      9%         6-21      22%         3
 Dazzling Flash           Conj/Hex       18%        N/A       22%         3
 Confusing Touch          Hex            4%         N/A       41%         3
 Tukima's Dance           Hex            4%         N/A       41%         3


Dungeon Overview and Level Annotations

Branches:
Dungeon (5/15)
 Temple: D:4-7

Altars:
Nemelex Xobeh
Qazlal
Ru
Trog
Yredelemnul


Innate Abilities, Weirdness & Mutations

You are immune to poison.
Your flesh is cold resistant. (rC+)
You are frail. (-10% HP)
You are immune to negative energy. (rN+++)
You are immune to unholy pain and torment.
You can survive without breathing.
You are vulnerable to heat. (rF-)
You do not drink.


Message History

The orc wizard hits you with a +0 dagger.
You closely miss the orc wizard.
The orc wizard hits you with a +0 dagger.
The orc wizard hits you but does no damage.
You closely miss the orc wizard.
The orc wizard gestures at itself while chanting.
The orc wizard flickers and vanishes!
Deactivating autopickup; reactivate with Ctrl-A.
No target in view!
No target in view!
No target in view!
You barely miss something. Something hits you. Something completely misses you.
You hit something but do no damage. Something hits you.
You barely miss something. Something hits you.
You barely miss something. Something hits you.
You hit something but do no damage. Something hits you.
You hit something. Something hits you.
You closely miss something. Something hits you.
You hit something. Something hits you but does no damage.
You miss something. Something hits you.
You hear some strange, mumbled words.
A magic dart appears from out of thin air!
The magic dart hits you!
* * * LOW HITPOINT WARNING * * *
You barely miss something.
You hear some strange, mumbled words.
A magic dart appears from out of thin air!
The magic dart hits you!
* * * LOW HITPOINT WARNING * * *
There is a stone staircase leading up here.
You can't go up here!
You barely miss something.
You hear some strange, mumbled words.
You are confused.
Something hits you.
* * * LOW HITPOINT WARNING * * *
You can't go up here!
Unknown command.
Something hits you.
You die...

.........#
..........###
............# ...
............# ....
............##....
................. ...
................. ...
.............## ....
##....[.@....#.#.
..######...<.........
...# ###....####...
##.#####.....##
#...#.##...)..#
#.<..).....[[#######
#...#.###....##....#
#....### #.......#
.......##.##..####.##.


There were no monsters in sight!

Vanquished Creatures
  A sky beast (D:4)
  An ice beast (D:3)
  A water moccasin zombie (D:5)
  2 orc priests
  Natasha (D:2)
  5 orc wizards
  An adder (D:3)
  A worm (D:4)
  11 orcs
  3 bats
  5 endoplasms
  A giant cockroach (D:1)
  3 goblins
  5 hobgoblins
  5 kobolds
  3 quokkas
  2 ball pythons
  5 frilled lizards
  3 rats
59 creatures vanquished.

Vanquished Creatures (collateral kills)
  Edmund (D:5)
  A water moccasin (D:4)
  Duvessa (D:4)
  A kobold brigand (D:2)
  Dowan (D:4)
  Natasha (twice) (D:2)
  An iguana (D:4)
  3 orc wizards
  A hound skeleton (D:5)
  An adder (D:2)
  3 worms
  5 orcs (D:3)
  2 jackals (D:3)
  A rat (D:3)
24 creatures vanquished.

Grand Total: 83 creatures vanquished

Notes
Turn   | Place    | Note
-------+----------+-------------------------------------------
     0 | D:1      | Mesmaeker13 the Mummy Hedge Wizard began the quest for the
                  | Orb.
     0 | D:1      | Reached XP level 1. HP: 13/13 MP: 5/5
   146 | D:1      | Found a faded altar of an unknown god.
   190 | D:1      | Reached skill level 1 in Conjurations
   353 | D:1      | Reached skill level 1 in Summonings
   512 | D:1      | Reached XP level 2. HP: 19/19 MP: 4/7
   851 | D:1      | You fall into a shaft and drop 1 floor!
   875 | D:2      | Noticed Natasha
   888 | D:2      | Learned a level 2 spell: Call Imp
   912 | D:2      | Killed Natasha
   913 | D:2      | Reached XP level 3. HP: 14/24 MP: 4/8
  1039 | D:2      | Noticed a kobold brigand
  1066 | D:2      | Killed a kobold brigand
  1067 | D:2      | Reached XP level 4. HP: 23/30 MP: 0/10
  1240 | D:2      | Noticed Natasha
  1248 | D:2      | Killed Natasha
  1397 | D:2      | Noticed Natasha
  1409 | D:2      | Killed Natasha
  2658 | D:3      | Reached XP level 5. HP: 28/35 MP: 3/12
  2729 | D:3      | Found a basalt altar of Yredelemnul.
  2729 | D:3      | Found a sparkling altar of Nemelex Xobeh.
  2729 | D:3      | Found a bloodstained altar of Trog.
  2749 | D:3      | Found a sacrificial altar of Ru.
  2793 | D:3      | Reached skill level 5 in Spellcasting
  2803 | D:3      | Became a worshipper of Ru the Awakened
  2843 | D:3      | Noticed an ice beast
  2878 | D:3      | Killed an ice beast
  4183 | D:3      | Learned a level 3 spell: Mephitic Cloud
  4720 | D:4      | Reached XP level 6. HP: 36/41 MP: 10/13
  4904 | D:4      | Noticed Dowan
  4918 | D:4      | Killed Dowan
  4932 | D:4      | Noticed Duvessa
  5028 | D:4      | Killed Duvessa
  5172 | D:4      | Reached skill level 1 in Poison Magic
  5799 | D:4      | Reached skill level 1 in Air Magic
  5928 | D:4      | Found a stormy altar of Qazlal.
  5929 | D:4      | Gained mutation: You are frail. (-10% HP) [Ru sacrifice]
  5929 | D:4      | Reached * piety under Ru
  5929 | D:4      | Reached ** piety under Ru
  6031 | D:5      | Entered Level 5 of the Dungeon
  6061 | D:5      | Noticed a water moccasin
  6062 | D:5      | Reached XP level 7. HP: 37/41 MP: 11/14
  6590 | D:5      | Noticed Edmund
  6827 | D:5      | Killed Edmund
  7693 | D:5      | HP: 1/41 [something/magic dart (7)]
  7699 | D:5      | HP: 1/41 [something (1)]
  7700 | D:5      | Slain by an orc wizard

Illustrated notes

Levels and vault maps discovered:
D:1:      elethiomel_arrival_infinity_welcomes_careful_drivers, layout_rooms,
          ebering_ecumenical_altar_rust, serial_corexii_hall,
          chequers_hall_statues_y, chequers_hall_statues_corner_a
D:2:      layout_rooms, kennysheep_donut, uniq_natasha
D:3:      layout_loops_cross, nicolae_ru_sacrificial_ziggurat,
          chequers_temple_overflow_statue_of_worship
D:4:      layout_loops_ring, lemuel_coloured_pillars_altar, uniq_duvessa
D:5:      layout_cave_pools, kennysheep_mini_moat, st_stairs_3,
          kennysheep_big_empty_room, minmay_misc_feat_hallway,
          grunt_decor_one_mirror, saegor_snake_ambush, uniq_edmund, uniq_pikel

Skill      XL: |  1  2  3  4  5  6  7 |
---------------+----------------------+-----
Conjurations   | 1 2 3 |  3.3
Summonings     | 1 2 3 |  3.2
Dodging        | 2 3 |  3.6
Spellcasting   | 5 |  5.3
Poison Magic   | 1 2 |  2.0
Air Magic      | 1 2 |  2.0
Stealth        | |  1.5
Translocations | |  0.7

Action                   |  1- 3 |  4- 6 |  7- 9 || total
-------------------------+-------+-------+-------++-------
Melee: Dagger            |    21 |    77 |       ||    98
       Long sword        |       |    23 |    36 ||    59
 Cast: Magic Dart        |    31 |    77 |     3 ||   111
       Call Imp          |     5 |    56 |    15 ||    76
       Mephitic Cloud    |       |     6 |     6 ||    12
Invok: Sacrifice Health  |       |     1 |       ||     1
  Use: Scroll            |       |     8 |       ||     8
 Stab: Distracted        |       |     1 |       ||     1
       Sleeping          |       |     1 |       ||     1
       Confused          |       |     2 |     1 ||     3
Armor: Robe              |     1 |    19 |     8 ||    28
Dodge: Dodged            |    17 |    76 |    38 ||   131
       Rpst.: Long sword |       |     5 |    11 ||    16

Table legend: (Time is in decaauts)
 A = Elapsed time spent in this place.
 B = Non-inter-level travel time spent in this place.
 C = Inter-level travel time spent in this place.
 D = Time resting spent in this place.
 E = Time spent auto-exploring this place.
 F = Levels seen in this place.
 G = Mean time per level.
                   A        B        C        D        E       F      G
               +--------+--------+--------+--------+--------+-----+--------+
         Total |   7742 |   7408 |    334 |   3210 |   2994 |   5 | 1548.4 |
       Dungeon |   7742 |   7408 |    334 |   3210 |   2994 |   5 | 1548.4 |
               +--------+--------+--------+--------+--------+-----+--------+

Top non-repeatable levels by time:
     D:4: 2863 daAuts
     D:3: 1730 daAuts
     D:2: 1547 daAuts
     D:1: 1402 daAuts
     D:5: 198 daAuts
